 Dungeon Crawl Stone Soup version 0.31-a0-845-g9abc20d24f (webtiles) character file.

Game seed: 14779993107511631753

22 Nedwor the Ducker (level 2, 0/24 HPs)
             Began as a Merfolk Monk on Oct 3, 2023.
             Slain by a goblin
             ... wielding a +0 club
             ... led by Robin
              (6 damage)
             ... on level 2 of the Dungeon.
             The game lasted 00:00:48 (800 turns).

Nedwor the Ducker (Merfolk Monk)                     Turns: 800, Time: 00:00:49

Health: 0/24       AC:  2    Str: 11    XL:     2   Next: 91%
Magic:  2/2        EV: 14    Int:  9    God:
Gold:   79         SH:  0    Dex: 16    Spells: 1/1 levels left

rFire   . . .        a - +0 falchion
rCold   . . .        d - orb {light}
rNeg    . . .        b - +0 robe
rPois   .            (no helmet)
rElec   .            (no cloak)
rCorr   .            (no gloves)
SInv    .            (no boots)
Will    .....        (no amulet)
Stlth   +            (no ring)
HPRegen 0.24/turn    (no ring)
MPRegen 0.08/turn

%: no passive effects
@: glowing
A: (nimble swimmer 2), mertail
a: no special abilities


You were on level 2 of the Dungeon.
You visited 1 branch of the dungeon, and saw 2 of its levels.

You collected 79 gold pieces.

Inventory:

Hand Weapons
 a - a +0 falchion (weapon)
Armour
 b - a +0 robe (worn)
 d - an orb of light (worn)
Scrolls
 e - 2 scrolls of teleportation {unknown}
 f - a scroll of immolation {unknown}
 g - a scroll of brand weapon {unknown}
Potions
 c - a potion of ambrosia
 h - a potion of magic {unknown}


   Skills:
 + Level 3.6 Fighting
 * Level 4.3 Long Blades
 + Level 4.3 Dodging


You had one spell level left.
You didn't know any spells.
Your spell library was empty.

Dungeon Overview and Level Annotations

Branches:
Dungeon (2/15)

Altars:

Shops:
D:1 :

Annotations:
D:2 Robin


Innate Abilities, Weirdness & Mutations

((You are very nimble when in or above water. (Stealth+, EV+, Speed+++)))
Your lower body shifts to a powerful aquatic tail in water.


Message History

You barely miss the goblin. The goblin hits you with a +0 dagger.
You hit the goblin.
You kill the goblin!
You hit the hobgoblin.
The hobgoblin is lightly wounded.
The hobgoblin misses you.
You slash the hobgoblin!
You kill the hobgoblin!
A jackal comes into view.
There is an escape hatch in the floor here.
Robin, 3 goblins and a jackal come into view.
Robin shouts!
The goblin shouts! x2; The jackal barks!
You hear a shout!
The jackal misses you.
A hobgoblin comes into view.
Robin throws the goblin at you!
You slash the goblin!
You kill the goblin!
The jackal bites you but does no damage.
The jackal closely misses you.
A goblin comes into view. It is wielding a +0 club.
Robin roars a battlecry!
The goblins go into a battle-frenzy!
You hit the jackal but do no damage. The jackal bites you.
Robin roars a battlecry!
The jackal misses you.
You hear a shout!
Things that are here:
6 gold pieces; a +0 dagger The jackal attacks as it pursues you!
The jackal misses you. The jackal attacks as it pursues you!
The jackal misses you. Robin throws the goblin at you!
You hit the goblin.
You kill the goblin!
The jackal closely misses you. Robin throws the goblin at you!
The jackal misses you. The goblin hits you with a +0 club.
* * * LOW HITPOINT WARNING * * *
The goblin attacks as it pursues you! The goblin hits you but does no damage.
Items here: )) ††.
The goblin hits you with a +0 club.
You die...

## #.. #..###
#..#.. #..#.# .
#....# ...##...#
......)h##########
..####hg@).......#
#.###$.g)########.#
#..)g>#..# #.#
#..g#.#..# #.#
#...###.... #.#
#... #..... #.#
#... #....... #.#
#..g ##.##### #.#
#... #.# #.########


You could see Robin, 2 jackals, a hobgoblin (strong) and 2 goblins.

Vanquished Creatures
  A ball python (D:2)
  An endoplasm (D:1)
  8 goblins
  A hobgoblin (D:2)
  3 kobolds
  A quokka (D:2)
  A bat (D:2)
  3 rats
19 creatures vanquished.

Notes
Turn   | Place    | Note
-------+----------+-------------------------------------------
     0 | D:1      | Nedwor the Merfolk Monk began the quest for the Orb.
     0 | D:1      | Reached XP level 1. HP: 18/18 MP: 1/1
   134 | D:1      | Noticed a floating eye
   136 | D:1      | Found a faded altar of an unknown god.
   138 | D:1      | Noticed a golden eye
   138 | D:1      | Noticed a floating eye
   138 | D:1      | Noticed a great orb of eyes
   298 | D:1      | Found Xiam's Book Boutique.
   374 | D:1      | Reached XP level 2. HP: 16/24 MP: 2/2
   792 | D:2      | Noticed Robin
   800 | D:2      | Slain by a goblin

Illustrated notes

Levels and vault maps discovered:
D:1:      dpeg_arrival_round_b, layout_loops_ring,
          hellmonk_ecumenical_altar_watching_god, serial_shops,
          nicolae_diamond_shop
D:2:      layout_basic, cheibrodos_gnoll_hut, uniq_robin

Skill      XL: |  1 |
---------------+----+-----
Long Blades    | 4 |  4.3
Fighting       | |  3.6
Dodging        | |  4.3

Action                     || total
---------------------------++-------
  Melee: Falchion          ||    41
 Armour: Robe              ||    30
  Dodge: Dodged            ||    33

Table legend: (Time is in decaauts)
 A = Elapsed time spent in this place.
 B = Non-inter-level travel time spent in this place.
 C = Inter-level travel time spent in this place.
 D = Time resting spent in this place.
 E = Time spent auto-exploring this place.
 F = Levels seen in this place.
 G = Mean time per level.
                   A        B        C        D        E       F      G
               +--------+--------+--------+--------+--------+-----+--------+
         Total |    803 |    782 |     21 |      0 |    680 |   2 |  401.5 |
       Dungeon |    803 |    782 |     21 |      0 |    680 |   2 |  401.5 |
               +--------+--------+--------+--------+--------+-----+--------+

Top non-repeatable levels by time:
     D:1: 659 daAuts
     D:2: 144 daAuts
